 Dungeon Crawl Stone Soup version 0.27-a0-1065-ge809cff456 (webtiles) character file.

Game seed: 13035429376425788580

301 MirrMurr the Covert (level 6, 28/28 HPs)
             Began as a Spriggan Enchanter on Apr 23, 2021.
             Was a Believer of Vehumet.
             Got out of the dungeon alive.
             The game lasted 00:08:24 (3849 turns).

MirrMurr the Covert (Spriggan Enchanter)            Turns: 3849, Time: 00:08:24

Health: 28/28      AC:  3    Str:  6    XL:     6   Next: 14%
Magic:  11/11      EV: 16    Int: 16    God:    Vehumet [**....]
Gold:   90         SH:  5    Dex: 16    Spells: 0/10 levels left

rFire    . . .     SeeInvis +   a - +1 dagger
rCold    . . .     Faith    .   u - +0 buckler
rNeg     . . .     Spirit   .   b - +0 robe
rPois    .         Reflect  .   (helmet restricted)
rElec    .         Harm     .   l - +0 cloak
rCorr    .         Rampage  .   (gloves unavailable)
Will     +....                  (boots unavailable)
Stlth    ++++......             (no amulet)
HPRegen  0.09/turn              (no ring)
MPRegen  0.12/turn              (no ring)

@: very quick
A: very small, no large weapons, unfitting armour, see invisible, speed 3
a: Renounce Religion


You escaped.
You worshipped Vehumet.
Vehumet was pleased with you.
You visited 1 branch of the dungeon, and saw 4 of its levels.

You collected 90 gold pieces.

Inventory:

Hand Weapons
 a - a +1 dagger (weapon)
 m - a +0 hunting sling
Missiles
 c - 31 stones (quivered)
 t - 13 sling bullets
Armour
 b - a +0 robe (worn)
 l - a +0 cloak (worn)
 u - a +0 buckler (worn)
Jewellery
 s - a +4 ring of protection
Scrolls
 d - a scroll of fear {unknown}
 e - 2 scrolls of brand weapon {unknown}
 h - a scroll of identify {unknown}
 n - a scroll of immolation {unknown}
 o - a scroll of acquirement {unknown}
 q - a scroll of amnesia {unknown}
 v - a scroll of noise {unknown}
Potions
 f - 2 potions of heal wounds {unknown}
 g - a potion of curing {unknown}
 i - a potion of degeneration {unknown}
 j - a potion of flight {unknown}
 k - a potion of invisibility {unknown}
 p - a potion of resistance {unknown}
 r - a potion of might {unknown}


   Skills:
 - Level 5.0 Short Blades
 - Level 2.6 Dodging
 - Level 8.0 Stealth
 + Level 2.7 Spellcasting
 * Level 3.7 Hexes


You couldn't memorise any spells.
You knew the following spells:

 Your Spells              Type           Power      Damage    Failure   Level
a - Ensorcelled Hibernat  Hex/Ice        16%        N/A       22%         2
b - Confusing Touch       Hex            14%        N/A       22%         3
c - Tukima's Dance        Hex            14%        N/A       22%         3
C - Corona                Hex            15%        N/A       7%          1
F - Freeze                Ice            8%         1d3       32%         1

Your spell library contained the following spells:

 Spells                   Type           Power      Damage    Failure   Level
 Shock                    Conj/Air       8%         1d3       32%         1
 Dazzling Flash           Conj/Hex       16%        N/A       41%         3
 Gell's Gravitas          Tloc           1%         N/A       67%         3
 Petrify                  Tmut/Erth      2%         N/A       97%         4
 Metabolic Englaciation   Hex/Ice        4%         N/A       99%         5
 Yara's Violent Unravell  Hex/Tmut       4%         3d4       99%         5


Dungeon Overview and Level Annotations

Branches:
Dungeon (4/15)
 Temple: D:4-7

Altars:
Nemelex Xobeh
Vehumet

Shops:
D:1 =   D:4 *


Innate Abilities, Weirdness & Mutations

You are very small and have problems with some larger weapons.
You are too small for most types of armour.
You have supernaturally acute eyesight. (SInv)
You cover ground extremely quickly. (Speed+++)


Message History

No target in view!
No target in view!
v - a scroll labelled TUOSKYFF ENLOD You see here a staff of poison.
An adder comes into view.
The helpless adder fails to defend itself.
You spit the adder like a pig!!!
You kill the adder!
Vehumet accepts your kill.
Training target 5.0 for Short Blades reached!
Your Short Blades skill increases to level 5!
You need to enable at least one skill for training.
You open the door.
Found a chain mail and a whip.
A giant cockroach comes into view.
There is an open door here.
You see here a +0 chain mail.
The helpless giant cockroach fails to defend itself.
You skewer the giant cockroach like a kebab!!!
You kill the giant cockroach!
Vehumet accepts your kill.
No target in view!
You see here a +0 whip.
You open the door.
There is an open door here.
You see here a +0 whip.
You open the door.
Found an escape hatch in the floor.
Found a stone staircase leading up.
An adder comes into view.
Found a long runed staff.
There is a stone staircase leading up here.
You climb upwards.
There is a stone staircase leading down here.
There is an open door here.
There is an open door here.
You enter the shallow water.
Moving in this stuff is going to be slow.
There is a staircase leading out of the dungeon here.
Are you sure you want to leave the Dungeon?
This will make you lose the game!
You have escaped!

#....########.########......#.
#...## ###.......### ##.......
#..## ##...........## ##....#.
#..# ##....#####....## #....#.
##..# #...#########...# #....#.
#..####..##.......##..####.....
#..# #...#..≈≈.≈≈..#...# #.....
#..# #..##.≈≈...≈≈.##..# #...##
###..# #..##.≈≈.@.≈≈.##..#
#...# .....#
#..##.≈≈...≈≈.##..# #.#.#
####.# #...#..≈≈≈≈≈..#...#
#.#.# ##
#.####..##.......##..####.#.##
.# #..# #...####.####...#
#..#.## .# #..#
##....##'##....## #..#... .#
#..## ##...........## ##......
## #...## ###.......###
##.....##
#....#################.......#


There were no monsters in sight!

Vanquished Creatures
  Blork the orc (D:4)
  A water moccasin skeleton (D:4)
  Natasha (D:2)
  3 orc wizards (D:3)
  A hound skeleton (D:4)
  2 gnolls (D:3)
  3 adders
  2 worms (D:2)
  A dart slug (D:1)
  6 orcs
  3 endoplasms
  2 giant cockroaches
  4 hobgoblins
  3 jackals (D:1)
  2 quokkas
  8 ball pythons
  A bat (D:1)
  A frilled lizard (D:1)
  2 goblins
  2 kobolds (D:1)
  6 rats
55 creatures vanquished.

Notes
Turn   | Place    | Note
-------+----------+-------------------------------------------
     0 | D:1      | MirrMurr the Spriggan Enchanter began the quest for the
                  | Orb.
     0 | D:1      | Reached XP level 1. HP: 9/9 MP: 5/5
    30 | D:1      | Found Ynoufanepa's Jewellery Emporium.
   426 | D:1      | Found a faded altar of an unknown god.
   434 | D:1      | Became a worshipper of Vehumet
   434 | D:1      | Reached * piety under Vehumet
   434 | D:1      | Offered knowledge of Freeze by Vehumet.
   593 | D:1      | Reached XP level 2. HP: 13/13 MP: 6/6
   602 | D:1      | Reached skill level 5 in Stealth
   709 | D:1      | Learned a level 2 spell: Ensorcelled Hibernation
   779 | D:1      | Learned a level 1 spell: Freeze
  1629 | D:2      | Reached XP level 3. HP: 7/16 MP: 1/8
  1745 | D:2      | Learned a level 3 spell: Confusing Touch
  1871 | D:3      | Reached skill level 6 in Stealth
  2126 | D:3      | Reached XP level 4. HP: 21/21 MP: 6/9
  2271 | D:3      | Found a sparkling altar of Nemelex Xobeh.
  2502 | D:4      | Reached skill level 7 in Stealth
  2502 | D:4      | Reached XP level 5. HP: 24/24 MP: 10/10
  2581 | D:4      | Offered knowledge of Shock by Vehumet.
  2592 | D:4      | Noticed Blork the orc
  2610 | D:4      | Killed Blork the orc
  2621 | D:4      | Reached ** piety under Vehumet
  2896 | D:4      | Noticed a phantom
  2903 | D:4      | Found Vir Gynn's Assorted Antiques.
  3509 | D:2      | Reached skill level 8 in Stealth
  3620 | D:2      | Noticed Natasha
  3625 | D:2      | Killed Natasha
  3626 | D:2      | Reached XP level 6. HP: 28/28 MP: 9/11
  3630 | D:2      | Learned a level 3 spell: Tukima's Dance
  3773 | D:2      | Reached skill level 5 in Short Blades
  3849 | D:$      | Got out of the dungeon alive.

Illustrated notes

Levels and vault maps discovered:
D:1:      dpeg_arrival_concentric_ovals, layout_loops_ring, serial_shops, shop,
          basic_ecumenical_altar, minmay_misc_feat_tower, bh_walls_and_bars
D:2:      layout_basic, serial_shops, nicolae_shop_statue_plus, uniq_natasha
D:3:      layout_loops_ring, nemelex_dance_club_becter
D:4:      layout_gridville, nicolae_hepliaklqana_hazy_memory,
          nicolae_ru_path_of_blood, kennysheep_okawaru_gauntlet, serial_shops,
          nicolae_shop_statue_plus, shop_statue, nicolae_shop_behind_doors,
          shop_fountains, nicolae_shop_behind_doors, minmay_mini_jars,
          uniq_ijyb, uniq_blork_the_orc

Skill      XL: |  1  2  3  4  5  6 |
---------------+-------------------+-----
Stealth        | 5 6 7 8 |  8.0
Short Blades   | 2 3 4 5 |  5.0
Dodging        | |  2.6
Spellcasting   | |  2.7
Hexes          | |  3.7

Action                   |  1- 3 |  4- 6 || total
-------------------------+-------+-------++-------
Melee: Dagger            |    97 |    79 ||   176
 Cast: Ensorcelled Hiber |    12 |    18 ||    30
       Freeze            |     1 |       ||     1
       Confusing Touch   |       |     4 ||     4
 Stab: Sleeping          |    20 |    18 ||    38
       Confused          |       |     2 ||     2
Armor: Robe              |     6 |     2 ||     8
Dodge: Dodged            |    73 |    42 ||   115
Block: Buckler           |       |     2 ||     2

Table legend: (Time is in decaauts)
 A = Elapsed time spent in this place.
 B = Non-inter-level travel time spent in this place.
 C = Inter-level travel time spent in this place.
 D = Time resting spent in this place.
 E = Time spent auto-exploring this place.
 F = Levels seen in this place.
 G = Mean time per level.
                   A        B        C        D        E       F      G
               +--------+--------+--------+--------+--------+-----+--------+
         Total |   3225 |   3171 |     54 |    926 |   1708 |   4 |  806.2 |
       Dungeon |   3225 |   3171 |     54 |    926 |   1708 |   4 |  806.2 |
               +--------+--------+--------+--------+--------+-----+--------+

Top non-repeatable levels by time:
     D:1: 1157 daAuts
     D:3: 1105 daAuts
     D:2: 602 daAuts
     D:4: 359 daAuts
